AoeStats
← Comend x comend

Nomad

507371368Analyzed
3v3 RM · 14d ago on Sep 17, 2026· 27m 41s· 6 players
Game mode
Random Map
Map size
210×210
Population
200
Speed
Normal
Resources
Standard
Victory
Conquest
Starting age
Dark Age
Ending age
Imperial Age
RankedLock teamsTeams togetherTeam positionsShared explorationLock speedFull tech treeHidden civsTurbo modeCheats
Victory
Defeat
🇦🇷 Bengalis · Argentina
1470
+11
🇦🇷 Romans · Argentina
1419
+13
🇦🇷 Japanese · Argentina
1377
+14
🇵🇪 Burgundians · Peru
1380
-14
🇧🇷 Mongols · Brazil
1361
-13
🇧🇷 Dravidians · Brazil
1306
-11
flinT
4:50 Loom
13:40 Feudal Age
17:36 Castle Age
17:47 Fletching
26:42 Town Watch
26:43 Double-Bit Axe
GAX | toooasty
7:30 Loom
13:40 Feudal Age
14:48 Fishing Lines
19:31 Castle Age
17:51 Gold Mining
17:48 Double-Bit Axe
18:52 Forging
21:19 Medium Warships
22:59 Fishing Lines
Comend x comend
4:57 Loom
10:27 Double-Bit Axe
16:12 Feudal Age
17:30 Gold Mining
18:30 Bow Saw
20:49 Wheelbarrow
23:03 Castle Age
23:20 Stone Mining
25:23 Horse Collar
26:25 Heavy Plow
APs | fleita
3:17 Loom
13:25 Feudal Age
15:07 Fishing Lines
16:29 Wheelbarrow
16:32 Fletching
16:52 Horse Collar
22:20 Castle Age
20:50 Double-Bit Axe
22:20 Gold Mining
23:16 Scale Barding Armor
23:45 Gillnets
24:22 Bloodlines
24:34 Chain Barding Armor
24:43 Husbandry
25:06 Bow Saw
25:49 Forging
APs | PrimoMcFly
12:51 Feudal Age
11:09 Loom
12:55 Feudal Age
14:00 Fishing Lines
19:54 Castle Age
21:43 Medium Warships
26:00 Fletching
26:25 Horse Collar
26:35 Double-Bit Axe
26:53 Bodkin Arrow
APs | Noxi
11:05 Loom
13:20 Feudal Age
13:36 Man-at-Arms
15:55 Fletching
20:42 Castle Age
20:02 Stone Mining
21:21 Bodkin Arrow
22:26 Wheelbarrow
22:38 Padded Archer Armor
23:05 Double-Bit Axe
24:37 Bow Saw
26:28 Horse Collar
Connection lost

Rejoining the realm…

Still unreachable

The connection could not be restored.

Session expired

The server has moved on; the page needs a fresh start.